 Dungeon Crawl Stone Soup version 0.30-a0-870-gc5d4c5acee (webtiles) character file.

Game seed: 7795874133210101618

95 cforsyth the Trooper (level 4, -4/38 HPs)
             Began as a Barachi Fighter on Mar 12, 2023.
             Slain by a sleepcap (15 damage)
             ... on level 3 of the Dungeon.
             The game lasted 00:02:33 (1975 turns).

cforsyth the Trooper (Barachi Fighter)              Turns: 1975, Time: 00:02:33

Health: -4/38      AC:  7    Str: 17    XL:     4   Next: 65%
Magic:  4/4        EV:  2    Int:  9    God:
Gold:   70         SH:  0    Dex: 13    Spells: 3/3 levels left

rFire   . . .      SeeInvis .    a - +0 long sword
rCold   . . .      Faith    .    c - +0 buckler
rNeg    . . .      Spirit   .    b - +0 scale mail
rPois   .          Reflect  .    (no helmet)
rElec   .          Rampage  .    (no cloak)
rCorr   .                        (no gloves)
Will    .....                    (no boots) Stlth
                                 (no amulet)
HPRegen 0.26/turn                (no ring)
MPRegen 0.09/turn                (no ring)

@: mighty, sleeping, slow
A: amphibious, slowness 1, strong legs 1, +LOS
a: Hop


You were on level 3 of the Dungeon.
You visited 1 branch of the dungeon, and saw 3 of its levels.

You collected 70 gold pieces.

Inventory:

Hand Weapons
 a - a +0 long sword (weapon)
Armour
 b - a +0 scale mail (worn)
 c - a +0 buckler (worn)
Scrolls
 e - 5 scrolls of identify {unknown}
 f - a scroll of teleportation {unknown}
 g - a scroll of immolation {unknown}
 h - 3 scrolls of enchant weapon {unknown}
Potions
 i - a potion of ambrosia {unknown}
 j - 2 potions of curing
 k - 2 potions of lignification {unknown}
 l - a potion of mutation {unknown}


   Skills:
 + Level 4.4 Fighting
 + Level 3.5 Long Blades
 + Level 4.4 Armour
 + Level 4.0 Shields


You had 3 spell levels left.
You didn't know any spells.
Your spell library contained the following spells:

 Spells                   Type           Power      Damage    Failure   Level
 Apportation              Tloc           0%         N/A       86%         1
 Necrotise                Necr           0%         1d4       86%         1
 Summon Small Mammal      Summ           0%         N/A       86%         1
 Dazzling Flash           Conj/Hex       0%         N/A       99%         3
 Ignite Poison            Fire/Tmut/Pois 0%         N/A       99%         3
 Kindle Blastsparks       Fire/Tloc/Air  0%         2d10      99%         3
 Agony                    Necr           0%         N/A       100%        5
 Freezing Cloud           Conj/Ice/Air   0%         6-21      100%        5
 Silence                  Hex/Air        0%         N/A       100%        5


Dungeon Overview and Level Annotations

Branches:
Dungeon (3/15)

Altars:
Qazlal


Innate Abilities, Weirdness & Mutations

You are amphibious.
You cover ground slowly.
You can hop short distances.
You have an extended range of vision and can be seen from far away.


Message History

The ball python bites you. The ball python constricts you.
You hit the ball python.
You kill the ball python!
The goblin closely misses you.
You closely miss the goblin. The goblin closely misses you.
You hit the sleepcap but do no damage. The sleepcap releases spores at you.
You are engulfed in a cloud of soporific spores!
You block the goblin's attack. The goblin hits you but does no damage.
The sleepcap releases spores at you but does no damage.
You hit the sleepcap but do no damage. The sleepcap releases spores at you.
You are engulfed in a cloud of soporific spores!
You fall asleep.
The goblin hits you with a +0 club.
You wake up.
Unknown command.
Unknown command.
Unknown command.
Unknown command.
You barely miss the goblin. The sleepcap releases spores at you.
You are engulfed in a cloud of soporific spores!
You are unaffected.
The goblin barely misses you.
You barely miss the goblin. The sleepcap releases spores at you.
You are engulfed in a cloud of soporific spores!
You are unaffected.
You block the goblin's attack.
You barely miss the goblin. The sleepcap closely misses you.
The goblin hits you but does no damage. The goblin hits you with a +0 club.
The sleepcap closely misses you.
You hit the goblin but do no damage.
The sleepcap releases spores at you but does no damage.
The goblin barely misses you.
You feel very mighty all of a sudden.
The sleepcap releases spores at you but does no damage.
The goblin hits you but does no damage.
You slash the goblin!
You kill the goblin!
The sleepcap releases spores at you.
* * * LOW HITPOINT WARNING * * *
You are engulfed in a cloud of soporific spores!
You fall asleep.
The sleepcap releases spores at you!
You die...

###..### #........
).....)# #........
P......# #. #.......
P..♣♣..# #.. #......
P..♣♣..# #.. #.#..#
P..♣♣..# #.# ##[#.#
...♣♣..# #.####..?.#
...♣♣..# #.......f.#
♣♣♣♣♣..# #......@).##
♣♣♣♣♣..###..........#
........##..............
..............<....##..##
#..####..#..........# ##
##.# #.##.......<....
...# #.##...........##
.#####..##.###.#######
....(..###.# #.#


You could see a sleepcap.

Vanquished Creatures
  Jessica (D:2)
  A gnoll (D:1)
  A dart slug (D:3)
  6 endoplasms
  8 goblins
  5 hobgoblins
  7 jackals
  2 quokkas
  6 ball pythons
  6 bats
  4 frilled lizards (D:1)
  2 kobolds
  6 rats
55 creatures vanquished.

Notes
Turn   | Place    | Note
-------+----------+-------------------------------------------
     0 | D:1      | cforsyth the Barachi Fighter began the quest for the Orb.
     0 | D:1      | Reached XP level 1. HP: 18/18 MP: 1/1
    74 | D:1      | Reached XP level 2. HP: 25/25 MP: 2/2
   226 | D:1      | Found a faded altar of an unknown god.
   259 | D:1      | Reached XP level 3. HP: 30/30 MP: 3/3
   824 | D:2      | Noticed Jessica
   836 | D:2      | Killed Jessica
   837 | D:2      | Reached XP level 4. HP: 21/38 MP: 4/4
  1497 | D:3      | Found a stormy altar of Qazlal.
  1975 | D:3      | Slain by a sleepcap

Illustrated notes

Levels and vault maps discovered:
D:1:      psy_arrival_terrarium, layout_rooms,
          shapermc_ecumenical_altar_totnotflames
D:2:      layout_basic, uniq_jessica
D:3:      layout_basic, mainiacjoe_overflow_chevrons,
          ebering_ghost_reflecting_pool, minmay_close_crescents

Skill      XL: |  1  2  3  4 |
---------------+-------------+-----
Fighting       | 4 |  4.4
Armour         | 4 |  4.4
Long Blades    | 3 |  3.5
Shields        | 4 |  4.0

Action                     |  1- 3 |  4- 6 || total
---------------------------+-------+-------++-------
  Melee: Long sword        |   126 |    70 ||   196
    Use: Potion            |       |     1 ||     1
 Armour: Scale mail        |    91 |    51 ||   142
  Dodge: Dodged            |    95 |    36 ||   131
  Block: Buckler           |    40 |    20 ||    60

Table legend: (Time is in decaauts)
 A = Elapsed time spent in this place.
 B = Non-inter-level travel time spent in this place.
 C = Inter-level travel time spent in this place.
 D = Time resting spent in this place.
 E = Time spent auto-exploring this place.
 F = Levels seen in this place.
 G = Mean time per level.
                   A        B        C        D        E       F      G
               +--------+--------+--------+--------+--------+-----+--------+
         Total |   2300 |   2239 |     61 |      0 |   1819 |   3 |  766.7 |
       Dungeon |   2300 |   2239 |     61 |      0 |   1819 |   3 |  766.7 |
               +--------+--------+--------+--------+--------+-----+--------+

Top non-repeatable levels by time:
     D:1: 911 daAuts
     D:2: 797 daAuts
     D:3: 591 daAuts
